 Dungeon Crawl Stone Soup version 0.31-a0-1-g4198be8af4 (webtiles) character file.

Game seed: 4468423653752216171

0 qeuew the Sneak (level 1, -6/10 HPs)
             Began as a Spriggan Brigand on May 1, 2023.
             Mangled by an orc
             ... wielding a +0 trident
              (7 damage)
             ... on level 2 of the Dungeon.
             The game lasted 00:00:13 (28 turns).

qeuew the Sneak (Spriggan Brigand)                    Turns: 28, Time: 00:00:13

Health: -6/10      AC:  3    Str:  7    XL:     1   Next: 0%
Magic:  2/2        EV: 16    Int: 12    God:
Gold:   0          SH:  0    Dex: 16    Spells: 0/0 levels left

rFire   . . .        a - +2 dagger
rCold   . . .        (no shield)
rNeg    . . .        b - +0 robe
rPois   .            (helmet restricted)
rElec   .            c - +0 cloak
rCorr   .            (gloves unavailable)
SInv    +            (boots unavailable)
Will    .....        (no amulet)
Stlth   +++          (no ring)
HPRegen 0.21/turn    (no ring)
MPRegen 0.08/turn

%: no passive effects
@: very quick
A: very small, no large weapons, unfitting armour, see invisible, speed 3
a: no special abilities


You were on level 2 of the Dungeon.
You visited 1 branch of the dungeon, and saw 2 of its levels.

Inventory:

Hand Weapons
 a - a +2 dagger (weapon)
Missiles
 d - 9 poisoned darts (quivered)
 e - 3 curare-tipped darts
Armour
 b - a +0 robe (worn)
 c - a +0 cloak (worn)


   Skills:
 + Level 1.5 Fighting
 * Level 2.1 Short Blades
 + Level 2.0 Throwing
 + Level 1.3 Dodging
 * Level 5.8 Stealth


You couldn't memorise any spells.
You didn't know any spells.
Your spell library was empty.

Dungeon Overview and Level Annotations

Branches:
Dungeon (2/15)

Altars:


Innate Abilities, Weirdness & Mutations

You are very small and have problems with some larger weapons.
You are too small for most types of armour.
You have supernaturally acute eyesight. (SInv)
You cover ground extremely quickly. (Speed+++)


Message History

Welcome, qeuew the Spriggan Brigand.
The heart of this dungeon contains the splendid artefact, the Orb of Zot.
Press ? for a list of commands and other information.
Found a staircase leading out of the dungeon.
Found a stone staircase leading down.
The goblin shouts!
The goblin hits the plant with a +0 club.
The plant begins to die.
The goblin hits the plant with a +0 club.
The plant begins to die.
The goblin hits the plant with a +0 club.
The plant begins to die.
A nearby plant withers and dies.
Key pressed, stopping explore.
A sourceless malevolence fills the Dungeon...
You fall into a shaft and drop 1 floor!
The shaft crumbles and collapses.
Found a glowing dagger, 8 gold pieces and a long sword.
Found a stone staircase leading down. 2 orcs and an orc wizard come into view.
An orc comes into view. It is wielding a +0 hand axe.
The orc wizard shouts!
The orc shouts!
You closely miss the orc.
The orc shouts!
You hear an angry hiss.
The orc misses you.
You hit the orc.
The orc is moderately wounded.
The orc hits you from afar with a +0 trident.
You barely miss the orc wizard.
A ball python comes into view.
The orc hits you from afar with a +0 trident.
Ouch! That really hurt!
* * * LOW HITPOINT WARNING * * *
The orc hits you with a +0 club.
* * * LOW HITPOINT WARNING * * *
You hit the orc wizard but do no damage.
The orc hits you from afar with a +0 trident!
Ouch! That really hurt!
You die...

#.. #...## #
#.##.# ##.#.##.#
###..#.##.#
.#......##.##
........#...##
....>.....o..#.#
..........@.o..#
..........oo....#
...$.......).S..#
.............#....
....)...#...## #..
........##.## .
......# #.# .....
#.#


You could see an orc wizard, 3 orcs and a ball python.

Vanquished Creatures (others)
  3 plants (D:1)
3 creatures vanquished.

Notes
Turn   | Place    | Note
-------+----------+-------------------------------------------
     0 | D:1      | qeuew the Spriggan Brigand began the quest for the Orb.
     0 | D:1      | Reached XP level 1. HP: 10/10 MP: 2/2
    20 | D:1      | You fall into a shaft and drop 1 floor!
    21 | D:2      | Noticed an orc wizard
    28 | D:2      | Mangled by an orc

Illustrated notes

Levels and vault maps discovered:
D:1:      roderic_crop_circles_arrival_small, layout_loops_ring,
          minmay_tetromino_t4
D:2:      layout_rooms, basic_altar, serial_shops,
          nicolae_shop_just_a_little_nook, shop, nicolae_shop_stone

Action                     || total
---------------------------++-------
  Melee: Dagger            ||     4
  Dodge: Dodged            ||     1

Table legend: (Time is in decaauts)
 A = Elapsed time spent in this place.
 B = Non-inter-level travel time spent in this place.
 C = Inter-level travel time spent in this place.
 D = Time resting spent in this place.
 E = Time spent auto-exploring this place.
 F = Levels seen in this place.
 G = Mean time per level.
                   A        B        C        D        E       F      G
               +--------+--------+--------+--------+--------+-----+--------+
         Total |     17 |     17 |      0 |      0 |     11 |   2 |    8.5 |
       Dungeon |     17 |     17 |      0 |      0 |     11 |   2 |    8.5 |
               +--------+--------+--------+--------+--------+-----+--------+

Top non-repeatable levels by time:
     D:1: 12 daAuts
     D:2: 5 daAuts
